 Dungeon Crawl Stone Soup version 0.21-a0-426-g98080a9 (webtiles) character file.

524 mastercheaf21 the Basher (level 7, -2/61 HPs)
             Began as a Minotaur Berserker on Nov 7, 2017.
             Was a Priest of Trog.
             Slain by zorance's ghost (6 damage)
             ... on level 5 of the Dungeon.
             The game lasted 00:12:39 (4011 turns).

mastercheaf21 the Basher (Minotaur Berserker)       Turns: 4011, Time: 00:12:39

Health: -2/61      AC:  3    Str: 23    XL:     7   Next: 2%
Magic:  6/6        EV: 12    Int:  4    God:    Trog [***...]
Gold:   225        SH:  0    Dex: 10    Spells: 6/6 levels left

rFire    . . .     SeeInvis .   z - -3 whip (curse)
rCold    . . .     Gourm    .   (no shield)
rNeg     . . .     Faith    .   r - +0 leather armour (curse)
rPois    .         Spirit   .   (helmet restricted)
rElec    .         Reflect  .   (no cloak)
rCorr    .         Harm     .   (no gloves)
MR       .....                  (no boots)
Stlth    +.........             G - amulet of magic regeneration
HPRegen  0.20/turn              (no ring)
MPRegen  0.35/turn              (no ring)

@: no status effects
A: retaliatory headbutt, horns 2
a: Berserk, Trog's Hand, Burn Spellbooks, Renounce Religion


You were on level 5 of the Dungeon.
You worshipped Trog.
Trog was most pleased with you.
You were very hungry.

You visited 1 branch of the dungeon, and saw 5 of its levels.

You collected 225 gold pieces.

Inventory:

Hand Weapons
 a - a +0 mace
 m - a +0 hand axe
 n - a +0 hand axe
 q - a +0 flail
 z - a cursed -3 whip (weapon)
 C - a +2 whip of electrocution
Missiles
 i - 7 tomahawks (quivered)
Armour
 b - a +0 animal skin
 r - a cursed +0 leather armour (worn)
 y - a +1 scale mail
Jewellery
 G - an amulet of magic regeneration (around neck)
Wands
 x - a wand of flame (22/48)
 B - a wand of disintegration (9/24)
Scrolls
 d - 3 scrolls of teleportation
 l - 3 scrolls of immolation
 p - a scroll of random uselessness
 s - a scroll of fog
 w - 3 scrolls of enchant armour
 F - a scroll of recharging {unknown}
Potions
 e - 5 potions of haste
 f - 2 potions of lignification {unknown}
 h - 4 potions of curing {unknown}
 j - a potion of agility {unknown}
 k - a potion of might {unknown}
 o - 4 potions of flight {unknown}
 t - a potion of mutation {unknown}
 v - 2 potions of berserk rage {unknown}
 E - 2 potions of degeneration {unknown}
Comestibles
 c - 4 bread rations
 g - 3 meat rations
 A - 8 fruits
 D - a royal jelly


   Skills:
 + Level 5.4 Fighting
 * Level 8.4 Maces & Flails
 - Level 2.4 Armour
 - Level 2.2 Dodging
 + Level 1.2 Stealth


You had 6 spell levels left.
You didn't know any spells.

Dungeon Overview and Level Annotations

Branches:
Dungeon (5/15)
 Temple: D:4-7

Altars:
Ashenzari
Dithmenos
Gozag
Nemelex Xobeh
Ru
Sif Muna
Trog
Xom

Annotations:
D:5 zorance's ghost, amateur HOFi


Innate Abilities, Weirdness & Mutations

You reflexively headbutt those who attack you in melee.
You have a pair of horns on your head.


Message History

You hit zorance's ghost but do no damage.
Zorance's ghost is lightly damaged.
You hit zorance's ghost but do no damage.
Zorance's ghost is lightly damaged.
Zorance's ghost hits you!
* * * LOW HITPOINT WARNING * * *
The hobgoblin hits you but does no damage.
You hit zorance's ghost but do no damage.
You headbutt zorance's ghost, but do no damage.
Zorance's ghost is lightly damaged.
Zorance's ghost barely misses you. You furiously retaliate!
You headbutt zorance's ghost.
You hit zorance's ghost but do no damage.
Zorance's ghost is lightly damaged.
The hobgoblin hits you with a club.
* * * LOW HITPOINT WARNING * * *
You hit zorance's ghost but do no damage.
Zorance's ghost is lightly damaged.
Zorance's ghost hits you.
You die...

...# ...# # ...#
.## ##.# #.# ..#
... ## .# #.###
# .. #...##.#
###.###....#.#
....>...g@W....#
........#§§..###
...
........#§#...#
#.#
#.######.§§##.#
#.# #.#
###§#§#.#.# #.#
#.# #.§§§_§§..#
#.#
#.###§#.#.#.###
#.#
#...>).#.§.##
#.# #.####..#§##


You could see zorance's ghost and a hobgoblin.

Vanquished Creatures
  2 ogres (D:4)
  A hound (D:5)
  An orc priest (D:4)
  An orc wizard (D:4)
  A gnoll shaman (D:4)
  Jessica (D:2)
  An iguana (D:5)
  A hound zombie (D:5)
  4 gnolls (D:4)
  2 adders (D:2)
  5 worms
  A dart slug (D:1)
  A leopard gecko (D:1)
  11 orcs
  5 ball pythons
  5 giant cockroaches
  8 goblins
  7 hobgoblins
  2 jackals (D:1)
  15 kobolds
  3 quokkas
  9 bats
  7 frilled lizards
  A jackal skeleton (D:4)
  A leopard gecko skeleton (D:5)
  8 rats
104 creatures vanquished.

Notes
Turn   | Place    | Note
-------+----------+-------------------------------------------
     0 | D:1      | mastercheaf21 the Minotaur Berserker began the quest for the Orb.
     0 | D:1      | Reached XP level 1. HP: 19/19 MP: 0/0
   103 | D:1      | Reached skill level 4 in Maces & Flails
   103 | D:1      | Reached XP level 2. HP: 21/27 MP: 1/1
  1060 | D:2      | Reached XP level 3. HP: 33/33 MP: 2/2
  1097 | D:2      | Noticed Jessica
  1104 | D:2      | Killed Jessica
  1104 | D:2      | Reached skill level 5 in Maces & Flails
  1287 | D:2      | Reached ** piety under Trog
  1287 | D:2      | Reached XP level 4. HP: 41/41 MP: 3/3
  1465 | D:2      | Found a bloodstained altar of Trog.
  2118 | D:3      | Found a shimmering altar of Xom.
  2273 | D:3      | Found a sparkling altar of Nemelex Xobeh.
  2377 | D:3      | Found a deep blue altar of Sif Muna.
  2705 | D:4      | Reached skill level 6 in Maces & Flails
  2711 | D:4      | Reached XP level 5. HP: 28/47 MP: 4/4
  2789 | D:4      | Found a sacrificial altar of Ru.
  2895 | D:4      | Noticed an ogre
  2902 | D:4      | Killed an ogre
  2902 | D:4      | Reached skill level 5 in Fighting
  2902 | D:4      | Reached skill level 7 in Maces & Flails
  2902 | D:4      | Reached XP level 6. HP: 56/56 MP: 5/5
  3026 | D:4      | Reached skill level 1 in Stealth
  3263 | D:4      | Reached skill level 8 in Maces & Flails
  3356 | D:5      | Entered Level 5 of the Dungeon
  3419 | D:5      | Reached *** piety under Trog
  3597 | D:5      | Found an opulent altar of Gozag.
  3717 | D:5      | Found a shattered altar of Ashenzari.
  3766 | D:5      | Reached XP level 7. HP: 54/61 MP: 6/6
  3965 | D:5      | Found a shadowy altar of Dithmenos.
  3993 | D:5      | Noticed zorance's ghost (amateur HOFi)
  4011 | D:5      | Slain by zorance's ghost

Vault maps used:
D:1:      dpeg_arrival_rhombus
D:2:      overflow_temple_1_default, first_bread, uniq_jessica
D:3:      nemelex_xobeh_ov_fountains_minmay, lemuel_doored_altar,
          marbit_many_paths
D:4:      minmay_wonky_spiral, nicolae_ru_great_annihilating_truth
D:5:      cheibrodos_thug_alley, nicolae_ashenzari_panopticon,
          lemuel_coloured_pillars_altar, grunt_dithmenos_smoke_and_mirrors

Skill      XL: |  1  2  3  4  5  6 |
---------------+-------------------+-----
Maces & Flails | 4 5 6 7 8 |  8.4
Fighting       | 4 5 |  5.4
Stealth        | 1 |  1.2
Armour         | |  2.4
Dodging        | |  2.2

Action                   |  1- 3 |  4- 6 |  7- 9 || total
-------------------------+-------+-------+-------++-------
Melee: Mace              |    38 |       |       ||    38
       Headbutt          |     9 |    36 |    11 ||    56
       Flail             |     9 |    51 |       ||    60
       Whip              |       |    99 |    35 ||   134
Invok: Berserk           |       |     1 |       ||     1
  Use: Scroll            |       |     6 |       ||     6
 Stab: Paralysed         |       |     1 |       ||     1
  Eat: Chunk             |       |     9 |       ||     9
Armor: Animal skin       |     7 |     3 |       ||    10
       Leather armour    |       |    31 |     2 ||    33
Dodge: Dodged            |    38 |   131 |    16 ||   185

Table legend:
 A = Spawn XP
 B = Non-spawn XP
 C = Spawn XP percentage of total XP
 D = Spawn monster count
 E = Non-spawn monster count
 F = Spawn count percentage of total count
 G = Total turns spent on level
                    A         B        C        D         E        F      G
               +---------+---------+-------+---------+---------+-------+---------
         Total |       0 |     749 |   0.0 |       0 |     104 |   0.0 |  4011
               +---------+---------+-------+---------+---------+-------+---------
           D:1 |       0 |      37 |   0.0 |       0 |      22 |   0.0 |  1010
           D:2 |       0 |     108 |   0.0 |       0 |      23 |   0.0 |   956
           D:3 |       0 |      30 |   0.0 |       0 |      19 |   0.0 |   700
           D:4 |       0 |     441 |   0.0 |       0 |      22 |   0.0 |   690
           D:5 |       0 |     133 |   0.0 |       0 |      18 |   0.0 |   655
               +---------+---------+-------+---------+---------+-------+---------
